 Dungeon Crawl Stone Soup version 0.28-a0-245-g639a1a48b9 (webtiles) character file.

Game seed: 10694778799252148973

7 frimble the Thaumaturge (level 2, -2/19 HPs)
             Began as a Gnoll Wanderer on Aug 25, 2021.
             Slain by a hobgoblin (7 damage)
             ... on level 1 of the Dungeon.
             The game lasted 00:00:46 (451 turns).

frimble the Thaumaturge (Gnoll Wanderer)             Turns: 451, Time: 00:00:46

Health: -2/19      AC:  2    Str: 11    XL:     2   Next: 0%
Magic:  12/15      EV: 11    Int: 10    God:
Gold:   6          SH:  0    Dex: 12    Spells: 25/26 levels left

rFire   . . .      SeeInvis .   a - +0 dagger
rCold   . . .      Faith    .   (no shield)
rNeg    . . .      Spirit   .   b - +0 robe
rPois   .          Reflect  .   (no helmet)
rElec   .          Harm     .   (no cloak)
rCorr   .          Rampage  .   (no gloves)
Will    .....                   (no boots)
Stlth   +.........              (no amulet)
HPRegen 0.06/turn               (no ring)
MPRegen 0.14/turn               (no ring)

@: no status effects
A: fangs 1, strong nose, distributed training
a: no special abilities


You were on level 1 of the Dungeon.
You visited 1 branch of the dungeon, and saw 1 of its levels.

You collected 6 gold pieces.

Inventory:

Hand Weapons
 a - a +0 dagger (weapon)
Armour
 b - a +0 robe (worn)
Scrolls
 c - 3 scrolls of identify {unknown}


   Skills:
 + Level 0.2 Fighting
 + Level 0.2 Short Blades
 + Level 0.2 Long Blades
 + Level 0.2 Axes
 + Level 0.2 Maces & Flails
 + Level 0.2 Polearms
 + Level 0.2 Staves
 + Level 0.2 Slings
 + Level 0.2 Bows
 + Level 0.2 Crossbows
 + Level 2.4 Throwing
 + Level 0.2 Armour
 + Level 0.2 Dodging
 + Level 0.2 Stealth
 + Level 2.4 Shields
 + Level 0.2 Unarmed Combat
 + Level 12.9 Spellcasting
 + Level 0.1 Conjurations
 + Level 0.1 Hexes
 + Level 0.1 Summonings
 + Level 0.1 Necromancy
 + Level 3.6 Translocations
 + Level 0.1 Transmutations
 + Level 0.1 Fire Magic
 + Level 0.1 Ice Magic
 + Level 0.1 Air Magic
 + Level 0.1 Earth Magic
 + Level 0.1 Poison Magic
 + Level 0.3 Invocations
 + Level 0.2 Evocations


You had 25 spell levels left.
You knew the following spells:

 Your Spells              Type           Power      Damage    Failure   Level
a - Foxfire               Conj/Fire      24%        2x1d5     10%         1

Your spell library contained the following spells:

 Spells                   Type           Power      Damage    Failure   Level
 Apportation              Tloc           26%        N/A       2%          1
 Blink                    Tloc           N/A        N/A       3%          2
 Teleport Other           Tloc           13%        N/A       7%          3
 Magic Dart               Conj           24%        1d4       10%         1
 Call Imp                 Summ           6%         N/A       14%         2
 Slow                     Hex            6%         N/A       14%         2
 Conjure Flame            Conj/Fire      6%         6-21      28%         3
 Mephitic Cloud           Conj/Pois/Air  6%         N/A       28%         3


Dungeon Overview and Level Annotations

Branches:
Dungeon (1/15)

Altars:


Innate Abilities, Weirdness & Mutations

You have very sharp teeth.
Your uncanny sense of smell can sniff out nearby items.
Your experience applies equally to all skills.


Message History

The bat is moderately wounded.
The bat barely misses you.
You closely miss the bat.
The bat is moderately wounded.
The bat closely misses you.
A hobgoblin comes into view. It is wielding a +0 whip.
You hit the bat but do no damage.
The bat is moderately wounded.
The bat hits you but does no damage.
You closely miss the bat. Your bite misses the bat. The bat closely misses you.
You hit the hobgoblin but do no damage. The hobgoblin barely misses you.
The bat completely misses you.
You barely miss the bat. The bat hits you.
The hobgoblin hits you with a +0 whip.
You are too injured to fight recklessly!
You are too injured to fight recklessly!
You are too injured to fight recklessly!
You are too injured to fight recklessly!
You are too injured to fight recklessly!
The bat hits you.
Casting: Foxfire (safe; 10% risk of failure)
Confirm with . or Enter, or press ? or * to list all spells.
You conjure some foxfire!
The foxfire hits the bat.
You kill the bat!
The hobgoblin closely misses you.
You have reached level 2!
The foxfire hits the hobgoblin.
The hobgoblin is moderately wounded.
Casting: Foxfire (safe; 10% risk of failure)
Confirm with . or Enter, or press ? or * to list all spells.
You conjure some foxfire!
The hobgoblin hits you with a +0 whip.
* * * LOW HITPOINT WARNING * * *
The foxfire hits the hobgoblin.
The hobgoblin is heavily wounded.
The foxfire hits the hobgoblin but does no damage.
The hobgoblin is heavily wounded.
Casting: Foxfire (safe; 10% risk of failure)
Confirm with . or Enter, or press ? or * to list all spells.
You conjure some foxfire!
The hobgoblin hits you with a +0 whip!
You die...

###### #....# .#
############.##.# .# #
...........#.##.# .#.#
##########.#.##'##.#.##
.....)..............
#######.#.#..v..#.# .#
#.#.#.g@..# .#
#.#.#..v†##. .#
#.#............. .#
#.#########.#### .# #.#
# .# #.# .## ..# ..#


You could see a hobgoblin (ally target).

Vanquished Creatures
  3 hobgoblins (D:1)
  A kobold (D:1)
  A bat (D:1)
  A rat (D:1)
6 creatures vanquished.

Vanquished Creatures (others)
  20 foxfires (D:1)
20 creatures vanquished.

Grand Total: 26 creatures vanquished

Notes
Turn   | Place    | Note
-------+----------+-------------------------------------------
     0 | D:1      | Reached skill level 12 in Spellcasting
     0 | D:1      | frimble the Gnoll Wanderer began the quest for the Orb.
     0 | D:1      | frimble set off with the following items: a +0 dagger, a +0
                  | robe; and the following spells available to memorise:
                  | Apportation, Blink, Teleport Other, Foxfire, Magic Dart,
                  | Call Imp, Slow, Conjure Flame, Mephitic Cloud
     0 | D:1      | Reached XP level 1. HP: 13/13 MP: 14/14
     2 | D:1      | Learned a level 1 spell: Foxfire
   440 | D:1      | Reached XP level 2. HP: 8/19 MP: 13/15
   451 | D:1      | Slain by a hobgoblin

Illustrated notes

Levels and vault maps discovered:
D:1:      heliophobic_arrival_glass_houses, layout_basic,
          minmay_misc_feat_four_crosses, minivault_14

Skill      XL: | |
---------------+-+-----
Spellcasting   | | 12.9
Fighting       | |  0.2
Short Blades   | |  0.2
Long Blades    | |  0.2
Axes           | |  0.2
Maces & Flails | |  0.2
Polearms       | |  0.2
Staves         | |  0.2
Slings         | |  0.2
Bows           | |  0.2
Crossbows      | |  0.2
Throwing       | |  2.4
Armour         | |  0.2
Dodging        | |  0.2
Stealth        | |  0.2
Shields        | |  2.4
Unarmed Combat | |  0.2
Conjurations   | |  0.1
Hexes          | |  0.1
Summonings     | |  0.1
Necromancy     | |  0.1
Translocations | |  3.6
Transmutations | |  0.1
Fire Magic     | |  0.1
Ice Magic      | |  0.1
Air Magic      | |  0.1
Earth Magic    | |  0.1
Poison Magic   | |  0.1
Invocations    | |  0.3
Evocations     | |  0.2

Action                   || total
-------------------------++-------
Melee: Dagger            ||    10
 Cast: Foxfire           ||    15
Armor: Robe              ||     2
Dodge: Dodged            ||    12

Table legend: (Time is in decaauts)
 A = Elapsed time spent in this place.
 B = Non-inter-level travel time spent in this place.
 C = Inter-level travel time spent in this place.
 D = Time resting spent in this place.
 E = Time spent auto-exploring this place.
 F = Levels seen in this place.
 G = Mean time per level.
                   A        B        C        D        E       F      G
               +--------+--------+--------+--------+--------+-----+--------+
         Total |    451 |    451 |      0 |      0 |    379 |   1 |  451.0 |
       Dungeon |    451 |    451 |      0 |      0 |    379 |   1 |  451.0 |
               +--------+--------+--------+--------+--------+-----+--------+

Top non-repeatable levels by time:
     D:1: 451 daAuts
